 Dungeon Crawl Stone Soup version 0.28-a0-1130-gc51a68064b (webtiles) character file.

Game seed: 7732098664365177736

15 SensoryNuts the Ducker (level 2, -11/24 HPs)
             Began as a Demigod Gladiator on Dec 12, 2021.
             Mangled by an ogre (12 damage)
             ... on level 2 of the Dungeon.
             The game lasted 00:00:35 (738 turns).

SensoryNuts the Ducker (Demigod Gladiator)           Turns: 738, Time: 00:00:36

Health: -11/24     AC:  4    Str: 15    XL:     2   Next: 21%
Magic:  4/4        EV: 12    Int: 10    God:
Gold:   23         SH:  0    Dex: 15    Spells: 1/1 levels left

rFire   . . .      SeeInvis .   a - +0 long sword
rCold   . . .      Faith    .   (no shield)
rNeg    . . .      Spirit   .   b - +0 leather armour
rPois   .          Reflect  .   c - +0 helmet
rElec   .          Harm     .   (no cloak)
rCorr   .          Rampage  .   (no gloves)
Will    .....                   (no boots)
Stlth   +.........              (no amulet)
HPRegen 0.08/turn               (no ring)
MPRegen 0.09/turn               (no ring)

@: no status effects
A: high mp 1, forlorn, divine attributes
a: no special abilities


You were on level 2 of the Dungeon.
You visited 1 branch of the dungeon, and saw 2 of its levels.

You collected 23 gold pieces.

Inventory:

Hand Weapons
 a - a +0 long sword (weapon)
Missiles
 d - 3 throwing nets (quivered)
Armour
 b - a +0 leather armour (worn)
 c - a +0 helmet (worn)
Scrolls
 f - 2 scrolls of amnesia {unknown}


   Skills:
 + Level 1.8 Fighting
 + Level 3.0 Long Blades
 + Level 1.8 Throwing
 + Level 3.0 Dodging


You had one spell level left.
You didn't know any spells.
Your spell library contained the following spells:

 Spells                   Type           Power      Damage    Failure   Level
 Freeze                   Ice            0%         1d3       43%         1
 Frozen Ramparts          Ice            0%         1d2       80%         3
 Hailstorm                Conj/Ice       0%         3d3       99%         4


Dungeon Overview and Level Annotations

Branches:
Dungeon (2/15)


Innate Abilities, Weirdness & Mutations

You have an increased reservoir of magic. (+10% MP)
You shall have no god before yourself.
Your divine heritage dramatically boosts your attributes as you level up.


Message History

No target in view!
HP restored.
You see here a ball python corpse.
Found 23 arrows.
A worm comes into view.
A worm is nearby!
A worm is nearby!
A worm is nearby!
The worm bites you!
You hit the worm.
The worm is moderately wounded.
The worm barely misses you.
You hit the worm.
The worm is heavily wounded.
The worm bites you but does no damage.
You hit the worm.
The worm is severely wounded.
You hit the worm.
You kill the worm!
No target in view!
No target in view!
No target in view!
Found a stone staircase leading up.
There is a stone staircase leading up here.
Found a robe.
You see here a +0 robe.
An ogre comes into view. It is wielding a +0 giant club.
An ogre is nearby!
The ogre shouts!
Found a stone staircase leading up.
You barely miss the ogre.
The ogre hits you with a +0 giant club!!
Ouch! That really hurt!
* * * LOW HITPOINT WARNING * * *
You are too injured to fight recklessly!
Unknown command.
It was a potion of cancellation.
You feel magically purged. The ogre hits you with a +0 giant club!
Ouch! That really hurt!
You die...

#.# #[##.#
#.####.##.#
#.........#
.####
######.####
..... #.#
.#### #.# <
#.#
#...######.#
#.....O@...#
#####
#.#.########
..... ...##
#.# #.#
###.##
#.....
#.#...
#.####


You could see an ogre.

Vanquished Creatures
  A worm (D:2)
  3 ball pythons
  A bat (D:1)
  2 endoplasms (D:1)
  A giant cockroach (D:1)
  A kobold (D:2)
  A quokka (D:1)
  A frilled lizard (D:1)
11 creatures vanquished.

Notes
Turn   | Place    | Note
-------+----------+-------------------------------------------
     0 | D:1      | SensoryNuts the Demigod Gladiator began the quest for the
                  | Orb.
     0 | D:1      | Reached XP level 1. HP: 17/17 MP: 3/3
   440 | D:1      | You fall into a shaft and drop 1 floor!
   452 | D:2      | Reached XP level 2. HP: 24/24 MP: 4/4
   733 | D:2      | Noticed an ogre
   737 | D:2      | HP: 1/24 [ogre (23)]
   738 | D:2      | Mangled by an ogre

Illustrated notes

Levels and vault maps discovered:
D:1:      dpeg_arrival_fog, layout_loops_cross, minmay_door_square,
          minmay_misc_feat_doors, amethyst_killhole
D:2:      layout_loops_ring, ebering_ecumenical_altar_sacrificial

Skill      XL: |  1 |
---------------+----+-----
Dodging        | 3 |  3.0
Long Blades    | 3 |  3.0
Fighting       | |  1.8
Throwing       | |  1.8

Action                   || total
-------------------------++-------
Melee: Long sword        ||    45
  Use: Potion            ||     1
 Stab: Sleeping          ||     1
Armor: Leather armour    ||    20
Dodge: Dodged            ||    26

Table legend: (Time is in decaauts)
 A = Elapsed time spent in this place.
 B = Non-inter-level travel time spent in this place.
 C = Inter-level travel time spent in this place.
 D = Time resting spent in this place.
 E = Time spent auto-exploring this place.
 F = Levels seen in this place.
 G = Mean time per level.
                   A        B        C        D        E       F      G
               +--------+--------+--------+--------+--------+-----+--------+
         Total |    749 |    749 |      0 |      0 |    635 |   2 |  374.5 |
       Dungeon |    749 |    749 |      0 |      0 |    635 |   2 |  374.5 |
               +--------+--------+--------+--------+--------+-----+--------+

Top non-repeatable levels by time:
     D:1: 449 daAuts
     D:2: 300 daAuts
